 Dungeon Crawl Stone Soup version 0.31.0-11-ge490571c62 (webtiles) character file.

Game seed: 14336796197954183878

2037 gelatine the Chopper (level 9, -1/68 HPs)
             Began as a Demonspawn Fighter on Jan 27, 2024.
             Was a Follower of Qazlal.
             Killed by nerve-wracking pain
             ... invoked by Menkaure
              (7 damage)
             ... on level 7 of the Dungeon.
             The game lasted 00:12:19 (5788 turns).

gelatine the Chopper (Demonspawn Fighter)           Turns: 5788, Time: 00:12:21

Health: -1/68      AC: 13    Str: 21    XL:     9   Next: 4%
Magic:  9/9        EV: 14    Int:  9    God:    Qazlal [*.....]
Gold:   397        SH:  7    Dex: 18    Spells: 8/8 levels left

rFire   + . .        a - +0 war axe
rCold   . . .        c - +0 buckler
rNeg    . . .        t - +2 robe {Will+}
rPois   +            (helmet restricted)
rElec   .            i - +2 cloak
rCorr   .            K - +0 pair of gloves
SInv    .            v - +0 pair of boots
Will    +....        (no amulet)
Stlth   ++           e - ring of poison resistance
HPRegen 0.31/turn    k - +6 ring of dexterity
MPRegen 0.11/turn

%: no passive effects
@: no status effects
A: horns 1, molten scales 3, demonic guardian 1
a: Renounce Religion


You were on level 7 of the Dungeon.
You worshipped Qazlal.
Qazlal was aware of your devotion.
You visited 1 branch of the dungeon, and saw 7 of its levels.
You also visited: Ossuary.

You collected 397 gold pieces.

Inventory:

Hand Weapons
 a - a +0 war axe (weapon)
 g - the +7 whip of Conscience {antimagic, *Rage rPois Str+5}
   (You found it on level 4 of the Dungeon)

   Str+5:     It affects your strength (+5).
   rPois:     It protects you from poison *Rage: It berserks you when you make
   melee attacks (+20% chance).
Missiles
 j - 15 poisoned darts
Armour
 b - a +0 scale mail
 c - a +0 buckler (worn)
 i - a +2 cloak (worn)
 t - a +2 robe of willpower (worn)
 v - a +0 pair of boots (worn)
 K - a +0 pair of gloves (worn)
Jewellery
 e - a ring of poison resistance (left hand)
 k - a +6 ring of dexterity (right hand)
 o - a ring of willpower
 I - a ring of ice
 L - a ring of willpower
Wands
 n - a wand of mindburst (11)
 w - a wand of acid (1) (quivered)
Scrolls
 f - a scroll of fear {unknown}
 h - 3 scrolls of revelation {unknown}
 l - a scroll of teleportation {unknown}
 q - 2 scrolls of enchant weapon {unknown}
 y - 3 scrolls of identify
 z - a scroll of silence {unknown}
 A - a scroll of vulnerability {unknown}
 C - a scroll of noise {unknown}
 D - a scroll of amnesia {unknown}
 E - a scroll of fog {unknown}
 G - 2 scrolls of blinking {unknown}
 H - 2 scrolls of immolation {unknown}
Potions
 d - a potion of might
 m - 2 potions of haste
 p - a potion of ambrosia
 r - a potion of magic
 s - a potion of brilliance
 u - 3 potions of heal wounds {unknown}
 x - a potion of invisibility {unknown}
 B - 2 potions of curing
 F - a potion of cancellation {unknown}
 J - 2 potions of attraction {unknown}


   Skills:
 + Level 5.0 Fighting
 + Level 6.9 Axes
 + Level 3.2 Armour
 * Level 5.2 Dodging
 + Level 2.8 Stealth
 + Level 4.2 Shields
 * Level 2.3 Evocations


You had 8 spell levels left.
You didn't know any spells.
Your spell library contained the following spells:

 Spells                   Type           Power      Damage    Failure   Level
 Animate Dead             Necr           0%         N/A       99%         4
 Borgnjor's Vile Clutch   Necr/Erth      0%         N/A       100%        5
 Death Channel            Necr           0%         N/A       100%        6


Dungeon Overview and Level Annotations

Branches:
Dungeon (7/15)            Ossuary (visited)
 Temple: D:4-7

Altars:
Qazlal

Annotations:
D:7 Menkaure


Innate Abilities, Weirdness & Mutations

You have a pair of small horns on your head.
You are completely covered in molten scales. (AC +4, rF+)
A weak demonic guardian rushes to your aid.


Message History

The orc is heavily wounded.
The orc is engulfed in freezing vapours.
You kill the orc!
Qazlal accepts your kill.
Menkaure calls on the powers of darkness!
Your body is wracked with pain!
A water moccasin comes into view.
Things that are here:
a +0 whip; an orc corpse Menkaure calls on the powers of darkness!
Your body is wracked with pain!
* * * LOW HITPOINT WARNING * * *
The water moccasin convulses!
The water moccasin hisses angrily.
You block Menkaure's attack.
You hit Menkaure but do no damage. You headbutt Menkaure!
Menkaure is moderately damaged.
You hit Menkaure. You headbutt Menkaure.
Menkaure is severely damaged.
You hit the water moccasin.
Menkaure blazes with dark energy!
Menkaure hits you.
* * * LOW HITPOINT WARNING * * *
You block the water moccasin's attack.
You hit Menkaure.
Menkaure is severely damaged.
You barely miss the water moccasin. You block the water moccasin's attack.
Menkaure whispers a few words.
Menkaure calls on the powers of darkness!
Your body is wracked with pain!
* * * LOW HITPOINT WARNING * * *
A demonic guardian appears!
The water moccasin convulses!
The water moccasin barely misses you.
You closely miss Menkaure.
Menkaure is severely damaged.
You hit the water moccasin. The water moccasin bites you.
* * * LOW HITPOINT WARNING * * *
Menkaure points at you and mumbles some strange words.
Pain shoots through your body!
You die...

........ ## #.. ...)....
.. .. ##...... .. .#.#
..... ... ...
##..#####...
###.####......#....
#...#..............
##...#..#...........
#.M@.)..#...........
#.....5S................
........................
#......##...............
###.... #...............
##.........####.......
#..........#.....<....
........##...........#
.............


You could see a water moccasin, Menkaure (ally target) and a friendly iron imp
(summoned).

Vanquished Creatures
  2 water moccasins (D:6)
  An ice beast (D:6)
  An ogre (D:4)
  A centaur (D:6)
  2 phantoms (D:4)
  A kobold brigand (D:6)
  5 scorpions
  4 centaur zombies (Ossuary)
  3 hounds
  A bombardier beetle (D:3)
  A gnoll bouda (D:6)
  A human zombie (Ossuary)
  A jelly (D:4)
  An orc priest (D:4)
  An iguana (D:6)
  Natasha (thrice) (D:4)
  An ogre zombie (Ossuary)
  3 hound skeletons (D:5)
  2 hound zombies (D:5)
  7 mummies (Ossuary)
  5 gnolls (D:6)
  6 adders
  2 ufetubi (D:5)
  5 adder zombies (Ossuary)
  An adder skeleton (D:5)
  3 dart slugs (D:1)
  16 orcs
  3 bats
  6 endoplasms
  4 giant cockroaches
  2 gnoll zombies (Ossuary)
  11 hobgoblins
  2 jackals (D:4)
  3 quokkas
  9 ball pythons
  3 frilled lizards
  2 goblin zombies (Ossuary)
  3 hobgoblin zombies (Ossuary)
  8 kobolds
  4 kobold zombies (Ossuary)
  An orc zombie (Ossuary)
  5 quokka zombies (Ossuary)
  5 rats
  2 rat zombies (Ossuary)
153 creatures vanquished.

Vanquished Creatures (collateral kills)
  Eustachio (D:4)
  An orc priest (D:4)
2 creatures vanquished.

Grand Total: 155 creatures vanquished

Notes
Turn   | Place    | Note
-------+----------+-------------------------------------------
     0 | D:1      | gelatine the Demonspawn Fighter began the quest for the
                  | Orb.
     0 | D:1      | Reached XP level 1. HP: 18/18 MP: 1/1
   104 | D:1      | Gained mutation: You are partially covered in molten
                  | scales. (AC +2) [demonic ancestry]
   104 | D:1      | Reached XP level 2. HP: 24/24 MP: 2/2
   394 | D:1      | Reached skill level 2 in Axes
  1005 | D:2      | Reached skill level 1 in Dodging
  1005 | D:2      | Gained mutation: You are mostly covered in molten scales.
                  | (AC +3) [demonic ancestry]
  1005 | D:2      | Reached XP level 3. HP: 29/29 MP: 3/3
  1817 | D:3      | Reached XP level 4. HP: 11/35 MP: 4/4
  2115 | D:3      | Found a faded altar of an unknown god.
  2393 | D:4      | Identified the +7 whip of Conscience {antimagic, *Rage
                  | rPois Str+5}
  2436 | D:4      | Reached skill level 3 in Axes
  2436 | D:4      | Gained mutation: A weak demonic guardian rushes to your
                  | aid. [demonic ancestry]
  2436 | D:4      | Reached XP level 5. HP: 29/41 MP: 5/5
  2595 | D:4      | Noticed Natasha
  2596 | D:4      | Noticed a phantom
  2608 | D:4      | Killed Natasha
  2609 | D:4      | Noticed a phantom
  2617 | D:4      | Killed a phantom
  2618 | D:4      | Reached XP level 6. HP: 26/48 MP: 6/6
  2643 | D:4      | Reached skill level 4 in Axes
  2988 | D:4      | Noticed Natasha
  3003 | D:4      | Killed Natasha
  3063 | D:4      | Gained mutation: You have a pair of small horns on your
                  | head. [demonic ancestry]
  3063 | D:4      | Reached XP level 7. HP: 54/54 MP: 7/7
  3149 | D:4      | Reached skill level 1 in Stealth
  3258 | D:4      | Noticed Natasha
  3266 | D:4      | Killed Natasha
  3294 | D:4      | Noticed Eustachio
  3317 | D:4      | Killed Eustachio
  3318 | D:4      | Reached skill level 5 in Axes
  3613 | D:5      | Entered Level 5 of the Dungeon
  3823 | D:5      | Found a sand-covered staircase.
  3835 | Ossuary  | Entered an ossuary
  4120 | Ossuary  | Reached XP level 8. HP: 60/61 MP: 8/8
  4432 | D:5      | Found a stormy altar of Qazlal.
  4446 | D:5      | Became a worshipper of Qazlal Stormbringer
  4608 | D:5      | Reached skill level 6 in Axes
  4911 | D:6      | Reached skill level 1 in Evocations
  5165 | D:6      | Reached skill level 5 in Dodging
  5173 | D:6      | Reached * piety under Qazlal
  5675 | D:6      | Reached skill level 5 in Fighting
  5675 | D:6      | Gained mutation: You are completely covered in molten
                  | scales. (AC +4, rF+) [demonic ancestry]
  5675 | D:6      | Reached XP level 9. HP: 68/68 MP: 9/9
  5778 | D:7      | Noticed Menkaure
  5788 | D:7      | Killed from afar by Menkaure

Illustrated notes

Levels and vault maps discovered:
D:1:      dpeg_arrival_pond, layout_basic, palyth_stone_intersect
D:2:      layout_basic, basic_altar
D:3:      layout_loops_ring, shapermc_ecumenical_altar_gd, minmay_distorted
D:4:      layout_loops_ring, serial_bayou_pond_b, uniq_eustachio, uniq_natasha
D:5:      layout_loops_ring, overflow_temple_1_default,
          mainiacjoe_ossuary_entry_find_the_door
D:6:      layout_basic
D:7:      layout_cave_pools, minmay_temple_entry_waves, uniq_jeremiah,
          uniq_menkaure

Skill      XL: |  1  2  3  4  5  6  7  8 |
---------------+-------------------------+-----
Axes           | 2 3 4 5 6 |  6.9
Armour         | 3 |  3.2
Dodging        | 1 2 3 4 5 |  5.2
Shields        | 3 4 |  4.2
Fighting       | 4 5 |  5.0
Stealth        | 1 2 |  2.8
Evocations     | 2 |  2.3

Action                     |  1- 3 |  4- 6 |  7- 9 || total
---------------------------+-------+-------+-------++-------
  Melee: War axe           |    83 |   128 |   312 ||   523
         Headbutt          |       |       |    65 ||    65
  Throw: Dart              |       |       |     1 ||     1
  Evoke: Wand              |       |       |     4 ||     4
    Use: Scroll            |       |     4 |       ||     4
         Potion            |       |       |     4 ||     4
   Stab: Sleeping          |       |     2 |    15 ||    17
         Distracted        |       |       |     1 ||     1
 Armour: Scale mail        |    49 |       |       ||    49
         Robe              |     5 |    76 |   188 ||   269
  Dodge: Dodged            |    26 |    84 |   196 ||   306
  Block: Buckler           |    25 |    45 |   131 ||   201
